| TOP OF THE 1ST |
|
Cleveland Guardians batting - Pitching for Chicago White Sox : RHP Matt McAtee
|
|
Pitching: RHP Matt McAtee
|
|
|
Batting: LHB John Harring
|
0-0: Foul Ball, location: 2F 0-1: Called Strike 0-2: Ball 1-2: Ground out 5-3 (Groundball, 56S, EV 78.1 MPH)
|
|
Batting: RHB Christian Blue
|
0-0: Swinging Strike 0-1: Swinging Strike 0-2: Strikes out swinging
|
|
Batting: LHB Arvin Dungca
|
0-0: Ball 1-0: Called Strike 1-1: Fly out, F5 (Line Drive, 5L, EV 68.8 MPH)
|
| Top of the 1st over - 0 runs, 0 hits, 0 errors, 0 left on base; Cleveland 0 - Chicago 0 |
| BOTTOM OF THE 1ST |
|
Chicago White Sox batting - Pitching for Cleveland Guardians : RHP Ben Sedlacek
|
|
Pitching: RHP Ben Sedlacek
|
|
|
Batting: RHB Dieter Knoops
|
0-0: SINGLE (Line Drive, 9S, EV 95.6 MPH)
|
|
Batting: SHB Gus Berry
|
0-0: Ball 1-0: Fly out, F9 (Flyball, 9S, EV 78.8 MPH)
|
|
Batting: LHB Randy Rosenberry
|
0-0: Ball 1-0: Ball 2-0: SINGLE (Line Drive, 4M, EV 99.4 MPH) Dieter Knoops to second
|
|
Batting: RHB Dietmar Warmisch
|
0-0: Called Strike Dieter Knoops steals 3rd base (no throw) Randy Rosenberry to second 0-1: Foul Ball, location: 2F 0-2: Ground out 6-3 (Groundball, 6, EV 110.6 MPH) Dieter Knoops scores
|
|
Batting: SHB Alfie Bungledorf
|
0-0: Ball 1-0: Swinging Strike 1-1: Called Strike 1-2: Ball 2-2: Strikes out swinging
|
| Bottom of the 1st over - 1 run, 2 hits, 0 errors, 1 left on base; Cleveland 0 - Chicago 1 |
| TOP OF THE 2ND |
|
Cleveland Guardians batting - Pitching for Chicago White Sox : RHP Matt McAtee
|
|
Batting: RHB Nick Ogle
|
0-0: Ball 1-0: Ball 2-0: Called Strike 2-1: Ball 3-1: Base on Balls
|
|
Batting: LHB Hector Pedroso
|
0-0: Called Strike 0-1: Grounds into double play, 4-6-3 (Groundball, 34, EV 81.9 MPH)
|
|
Batting: SHB Pete Barutha
|
0-0: Ground out 1-3 (Groundball, 13S, EV 65.6 MPH)
|
| Top of the 2nd over - 0 runs, 0 hits, 0 errors, 0 left on base; Cleveland 0 - Chicago 1 |
| BOTTOM OF THE 2ND |
|
Chicago White Sox batting - Pitching for Cleveland Guardians : RHP Ben Sedlacek
|
|
Batting: LHB Angel Tellez
|
0-0: Ball 1-0: Ball 2-0: Ground out 2-3 (Groundball, 2L, EV 66.2 MPH)
|
|
Batting: RHB Chris Cooper
|
0-0: Ball 1-0: Fly out, F8 (Flyball, 8LD, EV 103.8 MPH)
|
|
Batting: LHB Sidney Pedder
|
0-0: Swinging Strike 0-1: Ball 1-1: Swinging Strike 1-2: Foul Ball, location: 2F 1-2: Ball 2-2: Strikes out swinging
|
| Bottom of the 2nd over - 0 runs, 0 hits, 0 errors, 0 left on base; Cleveland 0 - Chicago 1 |
| TOP OF THE 3RD |
|
Cleveland Guardians batting - Pitching for Chicago White Sox : RHP Matt McAtee
|
|
Batting: RHB Jasper Burd
|
0-0: Called Strike 0-1: Called Strike 0-2: Ground out 5-3 (Groundball, 56S, EV 87.5 MPH)
|
|
Batting: RHB Nick Sharp
|
0-0: Called Strike 0-1: Fly out, F4 (Flyball, 34D, EV 88.8 MPH)
|
|
Batting: RHB Aaron Matthews
|
0-0: Ball 1-0: Called Strike 1-1: Ball 2-1: Ground out 5-3 (Groundball, 56, EV 85.0 MPH)
|
| Top of the 3rd over - 0 runs, 0 hits, 0 errors, 0 left on base; Cleveland 0 - Chicago 1 |
| BOTTOM OF THE 3RD |
|
Chicago White Sox batting - Pitching for Cleveland Guardians : RHP Ben Sedlacek
|
|
Batting: RHB Jon Solano
|
0-0: Called Strike 0-1: Swinging Strike 0-2: SINGLE (Line Drive, 9S, EV 103.1 MPH)
|
|
Batting: RHB Dieter Knoops
|
0-0: 2-RUN HOME RUN (Flyball, 89XD, EV 105.0 MPH), Distance : 414 ft
|
|
Batting: SHB Gus Berry
|
0-0: Ball 1-0: Called Strike 1-1: Called Strike 1-2: Ball 2-2: Strikes out looking
|
|
Batting: LHB Randy Rosenberry
|
0-0: Ball 1-0: Ball 2-0: Foul Ball, location: 2F 2-1: Foul Ball, location: 2F 2-2: Ball 3-2: Foul Ball, location: 2F 3-2: Base on Balls
|
|
Batting: RHB Dietmar Warmisch
|
0-0: Ball Randy Rosenberry steals 2nd base 1-0: Ground out 6-3 (Groundball, 6, EV 106.2 MPH)
|
|
Batting: SHB Alfie Bungledorf
|
0-0: Swinging Strike 0-1: Ball 1-1: Ball 2-1: Ball 3-1: Base on Balls
|
|
Batting: LHB Angel Tellez
|
0-0: Foul Ball, location: 2F 0-1: Ball 1-1: SINGLE (Flyball, 8LS, EV 84.4 MPH) Randy Rosenberry to third Alfie Bungledorf to second Runner from 3rd tries for Home, SAFE, throw by CF to home
|
|
Batting: RHB Chris Cooper
|
0-0: Ball 1-0: Foul Ball, location: 2F 1-1: Ball 2-1: Ball 3-1: Foul Ball, location: 2F 3-2: Foul Ball, location: 2F 3-2: SINGLE (Line Drive, 7LS, EV 99.4 MPH) Alfie Bungledorf to third Angel Tellez to second Alfie Bungledorf scores Angel Tellez to third
|
|
Pitching: RHP Ryan Southerland
|
|
|
Batting: LHB Sidney Pedder
|
0-0: Ball 1-0: Foul Ball, location: 2F 1-1: Ball 2-1: Called Strike 2-2: Ball Pickoff Throw to First - Out! 1-3
|
| Bottom of the 3rd over - 4 runs, 4 hits, 0 errors, 1 left on base; Cleveland 0 - Chicago 5 |
| TOP OF THE 4TH |
|
Cleveland Guardians batting - Pitching for Chicago White Sox : RHP Matt McAtee
|
|
Batting: LHB John Harring
|
0-0: Ball 1-0: Ball 2-0: Foul Ball, location: 2F 2-1: Swinging Strike 2-2: Strikes out swinging
|
|
Batting: RHB Christian Blue
|
0-0: Called Strike 0-1: Ball 1-1: Swinging Strike 1-2: Ball 2-2: Ball 3-2: Base on Balls
|
|
Batting: LHB Arvin Dungca
|
0-0: Foul Ball, location: 2F 0-1: Swinging Strike 0-2: Strikes out swinging
|
|
Batting: RHB Nick Ogle
|
0-0: Ball 1-0: Swinging Strike 1-1: Swinging Strike 1-2: Strikes out swinging
|
| Top of the 4th over - 0 runs, 0 hits, 0 errors, 1 left on base; Cleveland 0 - Chicago 5 |
| BOTTOM OF THE 4TH |
|
Chicago White Sox batting - Pitching for Cleveland Guardians : RHP Ryan Southerland
|
|
Batting: LHB Sidney Pedder
|
0-0: Called Strike 0-1: Called Strike 0-2: Foul Ball, location: 2F 0-2: Strikes out swinging
|
|
Batting: RHB Jon Solano
|
0-0: Ball 1-0: Ball 2-0: Fly out, F6 (Popup, 6M, EV 69.4 MPH)
|
|
Batting: RHB Dieter Knoops
|
0-0: Ball 1-0: Foul Ball, location: 2F 1-1: Fly out, F7 (Flyball, 78M, EV 90.6 MPH)
|
| Bottom of the 4th over - 0 runs, 0 hits, 0 errors, 0 left on base; Cleveland 0 - Chicago 5 |
| TOP OF THE 5TH |
|
Cleveland Guardians batting - Pitching for Chicago White Sox : RHP Matt McAtee
|
|
Batting: LHB Hector Pedroso
|
0-0: Ball 1-0: Ball 2-0: Ball 3-0: Foul Ball, location: 2F 3-1: Base on Balls
|
|
Batting: SHB Pete Barutha
|
0-0: Ball 1-0: Foul Ball, location: 2F 1-1: Ball 2-1: Called Strike 2-2: Fly out, F9 (Flyball, 89S, EV 88.1 MPH)
|
|
Batting: RHB Jasper Burd
|
0-0: Fly out, F9 (Flyball, 89M, EV 83.1 MPH)
|
|
Batting: RHB Nick Sharp
|
0-0: Swinging Strike 0-1: Fielders Choice at 2nd, 6-4 (Groundball, 6, EV 77.5 MPH)
|
| Top of the 5th over - 0 runs, 0 hits, 0 errors, 1 left on base; Cleveland 0 - Chicago 5 |
| BOTTOM OF THE 5TH |
|
Chicago White Sox batting - Pitching for Cleveland Guardians : RHP Ryan Southerland
|
|
Batting: SHB Gus Berry
|
0-0: Ball 1-0: Foul Ball, location: 2F 1-1: Ball 2-1: Ball 3-1: Foul Ball, location: 2F 3-2: Base on Balls
|
|
Batting: LHB Randy Rosenberry
|
0-0: Foul Ball, location: 2F 0-1: Ball 1-1: Fly out, F6 (Popup, 6S, EV 78.1 MPH)
|
|
Batting: RHB Dietmar Warmisch
|
0-0: Ball 1-0: Called Strike 1-1: Swinging Strike 1-2: Ball 2-2: Foul Ball, location: 2F 2-2: Ball 3-2: Strikes out swinging Gus Berry steals 2nd base (no throw) Batter strikes out.
|
|
Batting: SHB Alfie Bungledorf
|
0-0: Ball 1-0: Ball 2-0: Called Strike 2-1: SINGLE (Groundball, 34D, EV 108.1 MPH) Gus Berry to third Runner from 3rd tries for Home, SAFE, throw by RF to home
|
|
Pitching: RHP Matt Zambon
|
|
|
Batting: LHB Angel Tellez
|
0-0: Ball Alfie Bungledorf steals 2nd base 1-0: Ground out 5-3 (Groundball, 56, EV 105.0 MPH)
|
| Bottom of the 5th over - 1 run, 1 hit, 0 errors, 1 left on base; Cleveland 0 - Chicago 6 |
| TOP OF THE 6TH |
|
Cleveland Guardians batting - Pitching for Chicago White Sox : RHP Matt McAtee
|
|
Batting: RHB Aaron Matthews
|
0-0: Ball 1-0: Ball 2-0: Ball 3-0: Called Strike 3-1: Base on Balls
|
|
Batting: LHB John Harring
|
0-0: Ball 1-0: Ball 2-0: Called Strike 2-1: Ball 3-1: Base on Balls Aaron Matthews to second
|
|
Batting: RHB Christian Blue
|
0-0: Called Strike 0-1: Foul Ball, location: 2F 0-2: Foul Ball, location: 2F 0-2: Ball 1-2: Ground out 5-3 (Groundball, 56S, EV 65.0 MPH) Aaron Matthews to third John Harring to second
|
|
Batting: LHB Arvin Dungca
|
0-0: Ball 1-0: SINGLE (Line Drive, 8RS, EV 103.8 MPH) Aaron Matthews scores John Harring to third
|
|
Batting: RHB Nick Ogle
|
0-0: Called Strike 0-1: Ball 1-1: DOUBLE (Line Drive, 5D, EV 98.1 MPH) John Harring scores Arvin Dungca to third Runner from 3rd tries for Home, SAFE, throw by LF to home
|
|
Pitching: RHP Jacob Taylor
|
|
|
Batting: LHB Hector Pedroso
|
0-0: Called Strike 0-1: Called Strike 0-2: Ball 1-2: Ball 2-2: Strikes out looking
|
|
Batting: SHB Pete Barutha
|
0-0: Ball 1-0: Ball 2-0: Called Strike 2-1: Ball 3-1: Called Strike 3-2: Strikes out looking
|
| Top of the 6th over - 3 runs, 2 hits, 0 errors, 1 left on base; Cleveland 3 - Chicago 6 |
| BOTTOM OF THE 6TH |
|
Chicago White Sox batting - Pitching for Cleveland Guardians : RHP Matt Zambon
|
|
Batting: RHB Chris Cooper
|
0-0: SINGLE (Groundball, 56D, EV 106.9 MPH)
|
|
Batting: LHB Sidney Pedder
|
0-0: Ball 1-0: Foul Ball, location: 2F 1-1: Ball 2-1: Swinging Strike 2-2: Foul Ball, location: 2F 2-2: Ball 3-2: Foul Ball, location: 2F 3-2: Foul Ball, location: 2F 3-2: Foul Ball, location: 2F 3-2: Base on Balls Chris Cooper to second
|
|
Batting: RHB Jon Solano
|
0-0: Foul Ball, location: 2F 0-1: Foul Ball, location: 2F 0-2: Ball 1-2: Foul Ball, location: 2F 1-2: Foul Ball, location: 2F 1-2: Ball 2-2: Strikes out looking
|
|
Batting: RHB Dieter Knoops
|
0-0: Called Strike 0-1: Foul Ball, location: 2F 0-2: Fly out, F8 (Flyball, 8LM, EV 80.6 MPH)
|
|
Pitching: RHP Adrian Serratos
|
|
|
Batting: SHB Gus Berry
|
0-0: Called Strike 0-1: Ball 1-1: Ball 2-1: Ball 3-1: Base on Balls Chris Cooper to third Sidney Pedder to second
|
|
Batting: LHB Randy Rosenberry
|
0-0: Foul Ball, location: 2F 0-1: Ball 1-1: Called Strike 1-2: Ball 2-2: Strikes out swinging
|
| Bottom of the 6th over - 0 runs, 1 hit, 0 errors, 3 left on base; Cleveland 3 - Chicago 6 |
| TOP OF THE 7TH |
|
Cleveland Guardians batting - Pitching for Chicago White Sox : RHP Jacob Taylor
|
|
Batting: RHB Jasper Burd
|
0-0: Called Strike 0-1: Ball 1-1: SINGLE (Groundball, 4D, EV 97.5 MPH)
|
|
Batting: RHB Nick Sharp
|
0-0: Called Strike 0-1: Foul Ball, location: 2F 0-2: Strikes out looking
|
|
Batting: RHB Aaron Matthews
|
0-0: Called Strike 0-1: Grounds into double play, 5-4-3 (Groundball, 56S, EV 85.0 MPH)
|
| Top of the 7th over - 0 runs, 1 hit, 0 errors, 0 left on base; Cleveland 3 - Chicago 6 |
| BOTTOM OF THE 7TH |
|
Chicago White Sox batting - Pitching for Cleveland Guardians : RHP Adrian Serratos
|
|
Batting: RHB Dietmar Warmisch
|
0-0: Ball 1-0: Ground out 5-3 (Groundball, 5S, EV 67.5 MPH)
|
|
Batting: SHB Alfie Bungledorf
|
0-0: Called Strike 0-1: Fly out, F7 (Line Drive, 7S, EV 91.2 MPH)
|
|
Batting: LHB Angel Tellez
|
0-0: Swinging Strike 0-1: SINGLE (Line Drive, 6M, EV 98.8 MPH)
|
|
Batting: RHB Chris Cooper
|
0-0: Called Strike 0-1: Swinging Strike 0-2: Ball 1-2: Ball 2-2: Strikes out swinging
|
| Bottom of the 7th over - 0 runs, 1 hit, 0 errors, 1 left on base; Cleveland 3 - Chicago 6 |
| TOP OF THE 8TH |
|
Cleveland Guardians batting - Pitching for Chicago White Sox : RHP Jacob Taylor
|
|
Pitching: RHP Riso Profanter
|
|
|
Batting: LHB John Harring
|
0-0: Called Strike 0-1: Ball 1-1: Swinging Strike 1-2: Foul Ball, location: 2F 1-2: Strikes out swinging
|
|
Batting: RHB Christian Blue
|
0-0: Called Strike 0-1: Swinging Strike 0-2: Strikes out swinging
|
|
Batting: LHB Arvin Dungca
|
0-0: Called Strike 0-1: Ball 1-1: Called Strike 1-2: Ball 2-2: Ball 3-2: Foul Ball, location: 2F 3-2: Foul Ball, location: 2F 3-2: Base on Balls
|
|
Batting: RHB Nick Ogle
|
0-0: Called Strike 0-1: Swinging Strike 0-2: Strikes out swinging
|
| Top of the 8th over - 0 runs, 0 hits, 0 errors, 1 left on base; Cleveland 3 - Chicago 6 |
| BOTTOM OF THE 8TH |
|
Chicago White Sox batting - Pitching for Cleveland Guardians : RHP Adrian Serratos
|
|
Pitching: LHP Rene Eenkhoorn
|
|
|
Batting: LHB Sidney Pedder
|
0-0: Called Strike 0-1: Foul Ball, location: 2F 0-2: Fly out, F4 (Popup, 3S, EV 87.5 MPH)
|
|
Batting: RHB Jon Solano
|
0-0: Called Strike 0-1: Ball 1-1: Ball 2-1: Ball 3-1: Base on Balls
|
|
Batting: RHB Dieter Knoops
|
0-0: Ball 1-0: Ball 2-0: Ball 3-0: Called Strike 3-1: Base on Balls Jon Solano to second
|
|
Batting: SHB Gus Berry
|
0-0: Called Strike 0-1: Called Strike 0-2: Fielders Choice at 2nd, 1-4 (Groundball, 15S, EV 73.8 MPH) Jon Solano to third
|
|
Batting: LHB Randy Rosenberry
|
0-0: Ball 1-0: Foul Ball, location: 2F 1-1: Foul Ball, location: 2F 1-2: Strikes out looking
|
| Bottom of the 8th over - 0 runs, 0 hits, 0 errors, 2 left on base; Cleveland 3 - Chicago 6 |
| TOP OF THE 9TH |
|
Cleveland Guardians batting - Pitching for Chicago White Sox : RHP Riso Profanter
|
|
Pitching: LHP Rhett Beers
|
|
|
Batting: LHB Hector Pedroso
|
0-0: Ground out 4-3 (Groundball, 4, EV 88.1 MPH)
|
|
Batting: SHB Pete Barutha
|
0-0: Foul Ball, location: 2F 0-1: Called Strike 0-2: Ball 1-2: Strikes out swinging
|
|
Batting: RHB Jasper Burd
|
0-0: Called Strike 0-1: Hit by Pitch
|
|
Batting: RHB Nick Sharp
|
0-0: Swinging Strike 0-1: Called Strike 0-2: Strikes out swinging
|
| Top of the 9th over - 0 runs, 0 hits, 0 errors, 1 left on base; Cleveland 3 - Chicago 6 |
|